 Dungeon Crawl Stone Soup version 0.18-a0-1123-gbd92598 (webtiles) character file.

118 M4edhros the Sneak (level 5, -3/33 HPs)
             Began as an Octopode Artificer on Jan 19, 2016.
             Was an Initiate of Fedhas.
             Killed themself with a badly aimed fireball (8 damage)
             ... on level 4 of the Dungeon.
             The game lasted 00:03:24 (1731 turns).

M4edhros the Sneak (Octopode Artificer)             Turns: 1731, Time: 00:03:25

Health: -3/33      AC:  1    Str: 10    XL:     5   Next: 2%
Magic:  7/7        EV: 13    Int: 15    God:    Fedhas [......]
Gold:   104        SH:  0    Dex: 13    Spells: 0 memorised, 4 levels left

rFire  . . .     SeeInvis .     a - +0 short sword
rCold  . . .     Gourm    .     (no shield)
rNeg   . . .     Faith    .     (helmet restricted)
rPois  .         Spirit   .     (no amulet)
rElec  .         Dismiss  .     (no ring)
rCorr  .         Reflect  .     (no ring)
SustAt .         Harm     .     (no ring)
MR     .....                    (no ring)
Stlth  ++++......               (no ring)
                                (no ring)
                                (no ring)
                                (no ring)

@: not resistant to hostile enchantments, stealthy
A: almost no armour, amphibious, 8 rings, constrict 8, camouflage 1, gelatinous
body 1
a: Renounce Religion


You were on level 4 of the Dungeon.
You worshipped Fedhas.
Fedhas was noncommittal.
You were not hungry.

You visited 1 branch of the dungeon, and saw 4 of its levels.

You collected 104 gold pieces.

Inventory:

Hand Weapons
 a - a +0 short sword (weapon)
Missiles
 h - 43 stones (quivered)
 i - 2 tomahawks
Wands
 b - a wand of flame (13/48)
 c - a wand of enslavement (11/24)
 d - a wand of random effects (15/48)
Scrolls
 e - a scroll of remove curse {unknown}
 j - a scroll of enchant armour {unknown}
Potions
 g - 2 potions of brilliance {unknown}
 k - a potion of flight {unknown}
Comestibles
 f - 2 bread rations
 l - a beef jerky
 n - 2 fruits


   Skills:
 - Level 1.0 Fighting
 - Level 1.0 Short Blades
 * Level 3.4 Dodging
 * Level 4.5 Stealth
 + Level 3.9 Evocations


You had 4 spell levels left.
You didn't know any spells.

Dungeon Overview and Level Annotations

Branches:
Dungeon (4/15)
 Temple: D:4-7

Altars:
Fedhas
Pakellas
Xom

Shops:
D:4 [


Innate Abilities, Weirdness & Mutations

You cannot wear most types of armour.
You are amphibious.
You can wear up to eight rings at the same time.
You can use your tentacles to constrict eight enemies at once.
Your skin changes colour to match your surroundings (Stealth).
Your rubbery body absorbs attacks (AC +1).


Message History

Anything else - Stay silent.
Wait here!
You hear a shout!
The orc priest invokes the aid of Beogh against you.
Something smites you!
The orc priest shouts!
The orc priest mumbles some strange prayers to Beogh against you.
Something smites you!
* * * LOW HITPOINT WARNING * * *
The orc hits you.
* * * LOW HITPOINT WARNING * * *
Evoke which item? (* to show all) (? for menu, Esc to quit)
Zapping:
d - a wand of random effects (15/48)
Press: ? - help, Shift-Dir - straight line, f - orc
Aim: an orc, wearing a chain mail The fireball explodes!
The fireball engulfs the orc.
The orc is severely wounded.
The fireball engulfs you!
You die...
Fedhas appreciates your contribution to the ecosystem.

♣.....♣
#####.######...#
......##..##
##.## ##.##
.##.## ##.#
##...## #.# #
#.#
##.....#####.#
#.#
#.....o......#
#.#
#......#####.#
#.# #)#...## #.#
#.########.##.##
#.#
#.......@oo...#
#.#
#############.#
#.# ###.# #.#
##...#### #.#
#.......# #.#
#.......# #.#
#.......# #.#
#.......# #.# #
#.......####.#


You could see an orc priest and an orc.

Vanquished Creatures
  A hound (D:4)
  5 adders
  An ooze (D:4)
  5 orcs (D:3)
  A ball python (D:1)
  4 bats
  3 giant cockroaches
  A goblin (D:3)
  2 hobgoblins
  2 jackals (D:1)
  4 quokkas
  A giant newt (D:3)
  4 kobolds
  A rat (D:1)
35 creatures vanquished.

Vanquished Creatures (others)
  An orange crystal statue (D:3)
  An orc wizard (D:4)
  A jackal (D:1)
3 creatures vanquished.

Grand Total: 38 creatures vanquished

Notes
Turn   | Place    | Note
--------------------------------------------------------------
     0 | D:1      | M4edhros the Octopode Artificer began the quest for the Orb.
     0 | D:1      | Reached XP level 1. HP: 13/13 MP: 3/3
   113 | D:1      | Reached XP level 2. HP: 2/18 MP: 4/4
   664 | D:2      | Reached XP level 3. HP: 20/23 MP: 5/5
   946 | D:3      | Found an oddly glowing altar of Pakellas.
   946 | D:3      | Noticed an orange crystal statue
   947 | D:3      | Noticed a troll
   963 | D:3      | Killed an orange crystal statue
  1004 | D:3      | Reached XP level 4. HP: 23/28 MP: 6/6
  1029 | D:3      | Reached skill level 4 in Stealth
  1393 | D:4      | Found Metam's Antique Armour Shop.
  1490 | D:4      | Reached XP level 5. HP: 33/33 MP: 7/7
  1550 | D:4      | Found a blossoming altar of Fedhas.
  1564 | D:4      | Became a worshipper of Fedhas Madash
  1628 | D:3      | Noticed an orc warrior
  1657 | D:2      | Found a shimmering altar of Xom.
  1660 | D:2      | Found a shimmering altar of Xom.
  1660 | D:2      | Found a shimmering altar of Xom.
  1660 | D:2      | Found a shimmering altar of Xom.
  1660 | D:2      | Found a shimmering altar of Xom.
  1660 | D:2      | Found a shimmering altar of Xom.
  1660 | D:2      | Found a shimmering altar of Xom.
  1661 | D:2      | Found a shimmering altar of Xom.
  1662 | D:2      | Found a shimmering altar of Xom.
  1664 | D:2      | Fell from the grace of Fedhas
  1664 | D:2      | Became a worshipper of Xom the Elder Chaos God
  1669 | D:2      | You fall through a shaft for 2 floors!
  1676 | D:4      | Fell from the grace of Xom
  1676 | D:4      | Became a worshipper of Fedhas Madash
  1731 | D:4      | Killed themself with a badly aimed fireball

Vault maps used:
D:1:      dpeg_arrival_tiny_a
D:2:      xom_redecorated, ashenzari_conservatory_becter, first_bread,
          grunt_qazlal_clouds
D:3:      gammafunk_pakellas_statue_experiment
D:4:      tgw_trog, fedhas_altar_fruit_tree, serial_shops, shop

Action                   |  1- 3 |  4- 6 || total
-------------------------+-------+-------++-------
Melee: Short sword       |    37 |    27 ||    64
Evoke: Wand              |     2 |     4 ||     6
 Stab: Sleeping          |     8 |     7 ||    15
  Eat: Chunk             |       |     2 ||     2
